 Dungeon Crawl Stone Soup version 0.28.0-1-gb440e238dd (webtiles) character file.

Game seed: 12081039808263281746

165 BeingJoeMalik the Slasher (level 5, -2/45 HPs)
             Began as a Draconian Fighter on Feb 19, 2022.
             Succumbed to a scorpion's poison
             ... on level 5 of the Dungeon.
             The game lasted 00:05:15 (2364 turns).

BeingJoeMalik the Slasher (Draconian Fighter)       Turns: 2364, Time: 00:05:15

Health: -2/45      AC:  5    Str: 19    XL:     5   Next: 22%
Magic:  5/5        EV: 12    Int:  8    God:
Gold:   147        SH:  4    Dex: 12    Spells: 4/4 levels left

rFire   . . .      SeeInvis .   g - +0 scimitar
rCold   . . .      Faith    .   b - +0 buckler
rNeg    . . .      Spirit   .   (armour unavailable)
rPois   .          Reflect  .   (helmet restricted)
rElec   .          Harm     .   (no cloak)
rCorr   .          Rampage  .   (no gloves)
Will    .....                   (no boots)
Stlth   +.........              (no amulet)
HPRegen 0.15/turn               (no ring)
MPRegen 0.09/turn               (no ring)

@: mighty, lethally poisoned (-2 -> -13)
A: AC +5, unfitting armour, cold-blooded
a: no special abilities


You were on level 5 of the Dungeon.
You visited 1 branch of the dungeon, and saw 4 of its levels.

You collected 147 gold pieces.

Inventory:

Hand Weapons
 a - a +0 long sword
 g - a +0 scimitar (weapon)
 m - the +6 rapier of Esiladof {vorpal, Str+4 Int+3}
   (You found it on level 5 of the Dungeon)

   It inflicts extra damage upon your enemies.
   Str:       It affects your strength (+4).
   Int:       It affects your intelligence (+3).
Missiles
 i - 4 javelins (quivered)
Armour
 b - a +0 buckler (worn)
Magical Staves
 k - a staff of poison
Scrolls
 d - a scroll of enchant weapon {unknown}
 f - 3 scrolls of identify {unknown}
 h - a scroll of fog {unknown}
 j - a scroll of magic mapping {unknown}


   Skills:
 - Level 3.2 Fighting
 + Level 5.5 Long Blades
 - Level 2.6 Dodging
 - Level 3.0 Shields


You had 4 spell levels left.
You didn't know any spells.
Your spell library contained the following spells:

 Spells                   Type           Power      Damage    Failure   Level
 Dazzling Flash           Conj/Hex       0%         N/A       86%         3
 Airstrike                Air            0%         N/A       99%         4
 Summon Lightning Spire   Summ/Air       0%         N/A       99%         4
 Agony                    Necr           0%         N/A       100%        5
 Lightning Bolt           Conj/Air       0%         1d11      100%        5
 Silence                  Hex/Air        0%         N/A       100%        5


Dungeon Overview and Level Annotations

Branches:
Dungeon (3/15)

Altars:

Shops:
D:1 :


Innate Abilities, Weirdness & Mutations

Your plain brown scales are hard. (AC +5)
You cannot fit into any form of body armour.
You are cold-blooded and may be slowed by cold attacks.


Message History

You closely miss the orc.
A scorpion comes into view.
You block the orc's attack.
Unknown command.
You slash the orc!
You kill the orc!
Unknown command.
Throw: 5 javelins
Press: ? - help, Q - select action Shift-Dir - straight line, f - sky beast
Aim: a sky beast (46% to hit)
You throw a javelin.
The javelin pierces through the sky beast!
The sky beast is moderately wounded.
The sky beast hits you.
* * * LOW HITPOINT WARNING * * *
The sky beast shocks you.
* * * LOW HITPOINT WARNING * * *
You closely miss the sky beast.
The sky beast is moderately wounded.
The sky beast flickers out of sight!
Deactivating autopickup; reactivate with Ctrl-A.
Something barely misses you.
Unknown command.
A sky beast appears from thin air!
Reactivating autopickup.
Okay, then.
Unknown command.
It was a potion of magic.
Magic courses through your body. You block the sky beast's attack.
Unknown command.
You hit the sky beast.
Your tail-slap misses the sky beast.
The sky beast is heavily wounded.
The scorpion barely misses you. The sky beast barely misses you.
The scorpion stings you.
* * * LOW HITPOINT WARNING * * *
You are lethally poisoned!
The scorpion poisons you!
You barely miss the sky beast.
Your tail-slap misses the sky beast.
The sky beast is heavily wounded.
You die...

##############
#............#
#..?.........#
#............#
#......s.....#.
#.....@Y.......
#####...).....(
#..........
#..........
#...(......
#..........
###+#.....#
...... ##....


You could see a sky beast and a scorpion.

Vanquished Creatures
  A wyvern zombie (D:5)
  Terence (D:3)
  A hound skeleton (D:2)
  2 adders
  A dart slug (D:2)
  2 orcs
  5 bats
  4 endoplasms
  2 giant cockroaches
  A hobgoblin (D:3)
  3 jackals (D:1)
  2 quokkas (D:3)
  6 ball pythons
  3 goblins
  7 kobolds
  5 rats
46 creatures vanquished.

Notes
Turn   | Place    | Note
-------+----------+-------------------------------------------
     0 | D:1      | BeingJoeMalik the Draconian Fighter began the quest for the
                  | Orb.
     0 | D:1      | Reached XP level 1. HP: 19/19 MP: 1/1
   384 | D:1      | Reached XP level 2. HP: 25/26 MP: 2/2
   887 | D:1      | Reached skill level 3 in Long Blades
   961 | D:1      | Found Moweimp's Book Boutique.
  1424 | D:2      | Reached XP level 3. HP: 25/31 MP: 3/3
  1588 | D:2      | Reached skill level 4 in Long Blades
  1743 | D:3      | Identified the +2 mace of the Throat {pain, Contam Int+6}
  2012 | D:3      | Reached XP level 4. HP: 23/38 MP: 4/4
  2264 | D:3      | Noticed Terence
  2268 | D:3      | Killed Terence
  2338 | D:3      | You fall into a shaft and drop 2 floors!
  2338 | D:5      | Entered Level 5 of the Dungeon
  2341 | D:5      | Identified the +6 rapier of Esiladof {vorpal, Str+4 Int+3}
  2354 | D:5      | Noticed a sky beast
  2355 | D:5      | Reached skill level 5 in Long Blades
  2355 | D:5      | Reached XP level 5. HP: 21/45 MP: 5/5
  2359 | D:5      | HP: 1/45 [sky beast (5)]
  2364 | D:5      | Succumbed to a scorpion's poison

Illustrated notes

Levels and vault maps discovered:
D:1:      dpeg_arrival_rhombi, layout_basic, serial_shops, shop,
          minmay_misc_feat_rows, minmay_domino_4
D:2:      layout_rooms
D:3:      layout_rooms, minivault_23, minmay_misc_feat_enclosed, uniq_terence,
          uniq_natasha
D:5:      minmay_inner_zag, layout_basic, fedhas_altar_3,
          minmay_temple_entry_gardened_gates, gup_sewer_entry_pipe

Skill      XL: |  1  2  3  4 |
---------------+-------------+-----
Long Blades    | 3 4 5 |  5.5
Fighting       | |  3.2
Dodging        | |  2.6
Shields        | |  3.0

Action                   |  1- 3 |  4- 6 || total
-------------------------+-------+-------++-------
Melee: Long sword        |    39 |       ||    39
       Tailslap          |    12 |       ||    12
       Scimitar          |    87 |    23 ||   110
Throw: Javelin           |       |     1 ||     1
  Use: Potion            |     2 |     3 ||     5
 Stab: Sleeping          |     1 |     1 ||     2
Armor: Skin              |    66 |     5 ||    71
Dodge: Dodged            |    86 |    10 ||    96
Block: Buckler           |    36 |     5 ||    41
